 Dungeon Crawl Stone Soup version 0.22-a0-283-g1871b15 (webtiles) character file.

2433 MatthieuS the Magician (level 9, 0/66 HPs)
             Began as a Human Wizard on Mar 18, 2018.
             Was an Initiate of Ru.
             Slain by a killer bee (7 damage)
             ... on level 6 of the Dungeon.
             The game lasted 00:38:41 (7445 turns).

MatthieuS the Magician (Human Wizard)               Turns: 7445, Time: 00:38:41

Health: 0/66       AC:  7    Str: 13      XL:     9   Next: 77%
Magic:  17/17      EV: 15    Int: 21      God:    Ru [......]
Gold:   273        SH:  0    Dex: 11 (12) Spells: 3/19 levels left

rFire    . . .     SeeInvis .     - Unarmed
rCold    . . .     Gourm    .   (no shield)
rNeg     . . .     Faith    .   s - +0 leather armour
rPois    .         Spirit   .   b - +0 hat
rElec    .         Reflect  .   (no cloak)
rCorr    .         Harm     .   (no gloves)
MR       .....                  y - +1 pair of boots
Stlth    ++........             f - amulet of regeneration
HPRegen  0.61/turn              H - +2 ring of evasion
MPRegen  0.15/turn              (no ring)

@: mighty, lethally poisoned (0 -> -15), very slightly contaminated
A: antennae 1, yellow scales 1
a: Renounce Religion


You were on level 6 of the Dungeon.
You worshipped Ru.
Ru was noncommittal.
You were hungry.

You visited 1 branch of the dungeon, and saw 7 of its levels.
You also visited: Ossuary.

You collected 273 gold pieces.

Inventory:

Hand Weapons
 a - a +1 short sword of flaming
   (You took it off a goblin on level 2 of the Dungeon)
 h - a +2 whip of flaming
   (You took it off Pikel on level 4 of the Dungeon)
 w - a +0 blowgun
   (You took it off a kobold on level 3 of the Dungeon)
Missiles
 c - 65 stones (quivered)
 n - 67 arrows
 v - 22 poisoned needles
 x - 3 curare-tipped needles {!f}
Armour
 b - a +0 hat (worn)
 d - a +0 robe
 j - a +0 scale mail
   (You found it on level 1 of the Dungeon)
 s - a +0 leather armour (worn)
   (You found it on level 3 of the Dungeon)
 y - a +1 pair of boots (worn)
   (You found it on level 4 of the Dungeon)
 F - a +0 ring mail
   (You found it in an ossuary)
Jewellery
 f - an amulet of regeneration (around neck)
   (You found it on level 1 of the Dungeon)
 H - a +2 ring of evasion (left hand)
   (You found it on level 5 of the Dungeon)
Wands
 t - a wand of flame (18)
   (You found it on level 3 of the Dungeon)
Scrolls
 i - a scroll of blinking
 k - a scroll of teleportation {@r4}
 l - a scroll of enchant weapon
 o - a scroll of immolation {!r}
 p - 6 scrolls of remove curse {@r2}
Potions
 g - a potion of might
 m - a potion of flight
 u - 2 potions of brilliance
 C - a potion of cancellation
Comestibles
 e - 7 rations


   Skills:
 + Level 4.4 Fighting
 - Level 3.0 Throwing
 - Level 4.7 Dodging
 - Level 2.0 Stealth
 * Level 3.4 Unarmed Combat
 + Level 5.5 Spellcasting
 - Level 4.3 Conjurations
 - Level 4.0 Summonings
 - Level 3.0 Translocations
 + Level 3.1 Transmutations
 - Level 2.0 Poison Magic


You had 3 spell levels left.
You knew the following spells:

 Your Spells              Type           Power        Failure   Level  Hunger
a - Magic Dart            Conj           ###.         2%          1    None
b - Call Imp              Summ           ###.....     3%          2    None
c - Blink                 Tloc           N/A          5%          2    None
d - Mephitic Cloud        Conj/Pois/Air  ##......     16%         3    ##.....
e - Conjure Flame         Conj/Fire      ##......     16%         3    ##.....
f - Sticks to Snakes      Tmut           ###.....     5%          2    None
x - Spider Form           Tmut/Pois      ###.......   13%         3    ##.....


Dungeon Overview and Level Annotations

Branches:
Dungeon (7/15)             Temple (0/1) D:6

Altars:
Cheibriados
Kikubaaqudgha
Ru
Yredelemnul

Shops:
D:5 =

Annotations:
D:4 2 transporters, Menkaure
D:6 Caerwyn's ghost, novice CeHu


Innate Abilities, Weirdness & Mutations

You have a pair of small antennae on your head.
You are partially covered in yellow scales. (AC +2)


Message History

The poisoned needle misses the killer bee.
The poisoned needle hits the killer bee.
The killer bee looks even sicker.
You feel sick. The killer bee barely misses you.
Firing (i - inventory. (/) - cycle)
v - 24 poisoned needles (quivered)
Aim: a killer bee You shoot a poisoned needle.
The poisoned needle closely misses the killer bee.
The poisoned needle hits the killer bee.
The killer bee looks even sicker.
You feel sick. The killer bee stings you. The killer bee barely misses you.
Firing (i - inventory. (/) - cycle)
v - 23 poisoned needles (quivered)
Aim: a killer bee You shoot a poisoned needle.
The poisoned needle hits the killer bee.
The killer bee is poisoned.
You feel sick.
You kill the killer bee!
The killer bee stings you. The killer bee stings you!
* * * LOW HITPOINT WARNING * * *
You are more poisoned.
The killer bee poisons you!
Okay, then.
You feel very sick. The killer bee stings you.
* * * LOW HITPOINT WARNING * * *
You are lethally poisoned!
The killer bee poisons you! The killer bee misses you.
You climb upwards.
Level annotation: Caerwyn's ghost, novice CeHu
* * * LOW HITPOINT WARNING * * *
You feel very sick.
There is a stone staircase leading down here.
Okay, then.
You feel very mighty all of a sudden.
* * * LOW HITPOINT WARNING * * *
You feel very sick. The killer bee completely misses you.
The killer bee barely misses you.
Wield which item (- for none, * to show all)? (? for menu, Esc to quit)
You are now empty-handed.
* * * LOW HITPOINT WARNING * * *
You feel sick. The killer bee barely misses you.
You miss the killer bee.
* * * LOW HITPOINT WARNING * * *
You feel very sick. The killer bee misses you. The killer bee stings you.
* * * LOW HITPOINT WARNING * * *
You barely miss the killer bee.
* * * LOW HITPOINT WARNING * * *
You feel sick. The killer bee stings you!
You die...

.##.##.......)....# #5# #.# #
###.##.##.#.......###.# #[# #
........#.............# #.# #
.........##.......##### #.#####
..........####.#.##### #......
................)....#########.##
.........#####...................
##...............###.###########.
#.###...#####.#@###.#888## ## #.#
##.##....###y...8...8# #.#
##.##.###.#.###...>.8#
#.###..##.# ##.## #.8...8#
#.##.#.##.#########.#888##
#...#.............#.#####
##.<#..#..#######.#.#######
#....).##.# ##)#........
#.........######.#..#######


You could see a killer bee.

Vanquished Creatures
  Pikel (D:4)
  Prince Ribbit (D:5)
  Eustachio (D:6)
  Edmund (D:6)
  An orc warrior (D:6)
  A sky beast (D:5)
  An ice beast (D:6)
  An ogre (D:6)
  A bullfrog (D:6)
  4 killer bees (D:7)
  A howler monkey (D:6)
  A hound (D:4)
  An orc priest (D:6)
  A gnoll shaman (D:3)
  A worker ant (D:5)
  A big kobold zombie (Ossuary)
  A mummy (Ossuary)
  3 adders
  2 gnolls
  3 oozes
  4 adder zombies (Ossuary)
  3 worms
  2 dart slugs (D:1)
  5 leopard geckos
  9 orcs
  4 bats
  9 giant cockroaches
  A gnoll zombie (Ossuary)
  8 goblins
  7 hobgoblins
  4 jackals
  8 kobolds
  4 quokkas
  5 frilled lizards
  A hobgoblin zombie (Ossuary)
  2 kobold zombies (Ossuary)
  2 orc zombies (Ossuary)
  5 rats
111 creatures vanquished.

Vanquished Creatures (collateral kills)
  Grinder (D:5)
  A wyvern (D:4)
  The ghost of enarc13 the Changer, an amateur FeTm (D:5)
  An ice beast (D:5)
  2 water moccasin zombies (Ossuary)
  A howler monkey (D:4)
  A jelly (D:6)
  3 orc priests
  A hound (D:6)
  4 orc wizards (D:4)
  A worker ant (D:6)
  A big kobold zombie (Ossuary)
  A hound zombie (D:4)
  A mummy (Ossuary)
  3 gnolls (D:4)
  2 adders
  4 adder zombies
  2 worms
  A leopard gecko (D:4)
  5 orcs
  A gnoll zombie (Ossuary)
  A goblin (D:2)
  2 jackals (D:6)
  A quokka (D:2)
  A ball python (D:4)
  6 hobgoblin zombies (Ossuary)
  A kobold zombie (Ossuary)
  4 orc zombies (Ossuary)
54 creatures vanquished.

Vanquished Creatures (others)
  4 slaves (D:4)
  A giant cockroach (D:4)
5 creatures vanquished.

Grand Total: 170 creatures vanquished

Notes
Turn   | Place    | Note
-------+----------+-------------------------------------------
     0 | D:1      | MatthieuS the Human Wizard began the quest for the Orb.
     0 | D:1      | Reached XP level 1. HP: 13/13 MP: 4/4
   308 | D:1      | Reached XP level 2. HP: 3/19 MP: 0/6
   760 | D:1      | Reached XP level 3. HP: 24/24 MP: 0/7
  1028 | D:1      | Learned a level 2 spell: Call Imp
  1031 | D:1      | Learned a level 2 spell: Blink
  1035 | D:1      | Learned a level 3 spell: Mephitic Cloud
  2350 | D:2      | Reached XP level 4. HP: 26/30 MP: 1/9
  3114 | D:3      | Reached XP level 5. HP: 36/36 MP: 0/10
  3787 | D:4      | Reached skill level 1 in Fighting
  3922 | D:4      | Reached XP level 6. HP: 40/43 MP: 3/11
  4014 | D:4      | Noticed a slave
  4015 | D:4      | Noticed a slave
  4016 | D:4      | Noticed Pikel
  4016 | D:4      | Noticed a slave
  4016 | D:4      | Noticed a slave
  4043 | D:4      | Killed Pikel
  4043 | D:4      | Reached skill level 4 in Spellcasting
  4043 | D:4      | Reached XP level 7. HP: 28/51 MP: 1/13
  4094 | D:4      | Found a snail-covered altar of Cheibriados.
  4124 | D:4      | Found a sand-covered staircase.
  4129 | Ossuary  | Entered an ossuary
  4145 | Ossuary  | Learned a level 3 spell: Conjure Flame
  4190 | Ossuary  | Reached XP level 8. HP: 33/57 MP: 9/14
  4725 | D:4      | Found a basalt altar of Yredelemnul.
  4737 | D:4      | Noticed Menkaure
  4738 | D:4      | Found an ancient bone altar of Kikubaaqudgha.
  4740 | D:4      | Found a transporter.
  4755 | D:4      | Found a transporter.
  4809 | D:4      | Noticed a wyvern
  4835 | D:4      | Killed a wyvern
  4857 | D:4      | Found a sacrificial altar of Ru.
  5169 | D:5      | Entered Level 5 of the Dungeon
  5220 | D:5      | Noticed Grinder
  5225 | D:5      | Paralysed by Grinder for 6 turns
  5245 | D:5      | Noticed Prince Ribbit
  5245 | D:5      | Noticed enarc13's ghost (amateur FeTm)
  5265 | D:5      | HP: 1/58 [Prince Ribbit (14)]
  5383 | D:5      | Killed enarc13's ghost
  5570 | D:4      | Became a worshipper of Ru the Awakened
  5658 | D:5      | Reached XP level 9. HP: 64/64 MP: 11/16
  5662 | D:5      | Learned a level 2 spell: Sticks to Snakes
  5666 | D:5      | Learned a level 3 spell: Spider Form
  5795 | D:5      | Killed Prince Ribbit
  5795 | D:5      | Reached skill level 1 in Unarmed Combat
  5795 | D:5      | Reached skill level 5 in Spellcasting
  5795 | D:5      | Reached skill level 1 in Transmutations
  5986 | D:5      | Paralysed by Grinder for 6 turns
  6036 | D:5      | Killed Grinder
  6081 | D:5      | Found Hyusopt's Jewellery Emporium.
  6365 | D:6      | Reached skill level 1 in Poison Magic
  6680 | D:6      | Noticed Edmund
  6761 | D:6      | Killed Edmund
  6836 | D:6      | Noticed Eustachio
  6884 | D:6      | HP: 3/97 [white imp[Eustachio] (4)]
  6895 | D:6      | Gained mutation: You are partially covered in yellow scales. (AC +2) [potion of mutation]
  6895 | D:6      | Gained mutation: You have a pair of small antennae on your head. [potion of mutation]
  6895 | D:6      | HP: 4/97 [quokka[Eustachio] (2)]
  6899 | D:6      | Killed Eustachio
  7208 | D:6      | Found a staircase to the Ecumenical Temple.
  7389 | D:6      | Noticed Caerwyn's ghost (novice CeHu)
  7445 | D:6      | Slain by a killer bee

Vault maps used:
D:1:      minmay_arrival_diagonal_passages, minmay_pentomino_u2
D:2:      first_ration
D:4:      lemuel_crystal_altar, gammafunk_temple_of_torment,
          cheibrodos_sewer_entry_bend, enter_ossuary_2, hex_tiny,
          nicolae_ru_path_of_blood, uniq_pikel
D:5:      minmay_shop_grid_forest, uniq_grinder, uniq_prince_ribbit1
D:6:      minmay_temple_entry_statues, uniq_eustachio, uniq_edmund
D:7:      nicolae_ashenzari_panopticon
Ossuary:  ossuary_tomb_2

Skill      XL: |  1  2  3  4  5  6  7  8  9 |
---------------+----------------------------+-----
Conjurations   | 2 3 4 |  4.3
Dodging        | 3 4 |  4.7
Fighting       | 1 2 3 4 |  4.4
Throwing       | 2 3 |  3.0
Spellcasting   | 4 5 |  5.5
Summonings     | 2 3 4 |  4.0
Translocations | 2 3 |  3.0
Unarmed Combat | 3 |  3.4
Transmutations | 3 |  3.1
Poison Magic   | 2 |  2.0
Stealth        | |  2.0

Action                   |  1- 3 |  4- 6 |  7- 9 || total
-------------------------+-------+-------+-------++-------
Melee: Unarmed           |    14 |       |    56 ||    70
       Dagger            |    45 |     7 |       ||    52
       Short sword       |       |    16 |   106 ||   122
 Fire: Blowgun           |       |    21 |   102 ||   123
Throw: Stone             |    22 |       |       ||    22
 Cast: Magic Dart        |    97 |   102 |    35 ||   234
       Mephitic Cloud    |     1 |       |       ||     1
       Call Imp          |       |    12 |    88 ||   100
       Blink             |       |     1 |     3 ||     4
       Conjure Flame     |       |       |     1 ||     1
       Sticks to Snakes  |       |       |     4 ||     4
       Spider Form       |       |       |     3 ||     3
 Abil: End Transformatio |       |       |     2 ||     2
Evoke: Wand              |       |     8 |     7 ||    15
  Use: Scroll            |     1 |     3 |    10 ||    14
       Potion            |       |       |    20 ||    20
 Stab: Distracted        |       |       |     1 ||     1
  Eat: Chunk             |     5 |     5 |     4 ||    14
       Ration            |       |       |     2 ||     2
Armor: Robe              |    21 |     9 |       ||    30
       Leather armour    |       |     4 |    43 ||    47
       Skin              |       |       |   202 ||   202
Dodge: Dodged            |    70 |    59 |   230 ||   359

Table legend:
 A = Spawn XP
 B = Non-spawn XP
 C = Spawn XP percentage of total XP
 D = Spawn monster count
 E = Non-spawn monster count
 F = Spawn count percentage of total count
 G = Total turns spent on level
                    A         B        C        D         E        F      G
               +---------+---------+-------+---------+---------+-------+---------
         Total |       0 |    3477 |   0.0 |       0 |     165 |   0.0 |  7445
               +---------+---------+-------+---------+---------+-------+---------
           D:1 |       0 |      48 |   0.0 |       0 |      24 |   0.0 |  2079
           D:2 |       0 |      66 |   0.0 |       0 |      24 |   0.0 |   767
           D:3 |       0 |      89 |   0.0 |       0 |      19 |   0.0 |  1002
           D:4 |       0 |    1163 |   0.0 |       0 |      29 |   0.0 |   995
           D:5 |       0 |     730 |   0.0 |       0 |      10 |   0.0 |  1014
           D:6 |       0 |     908 |   0.0 |       0 |      24 |   0.0 |  1016
           D:7 |       0 |     249 |   0.0 |       0 |       4 |   0.0 |    23
       Ossuary |       0 |     224 |   0.0 |       0 |      31 |   0.0 |   549
               +---------+---------+-------+---------+---------+-------+---------
